 Dungeon Sprint DCSS version 0.30-a0-591-g3c58d2bc28 (webtiles) character file.

Game seed: 12257699748278889977

192 BigDaddyOpFi the Chopper (level 5, -6/53 HPs)
             Began as a Hill Orc Fighter on Jan 5, 2023.
             Was an Initiate of Qazlal.
             Mangled by a two-headed ogre
             ... wielding a +0 giant club
              (21 damage)
             ... in the Dungeon (Sprint IX: "|||||||||||||||||||||||||||||").
             The game lasted 00:01:01 (130 turns).

BigDaddyOpFi the Chopper (Hill Orc Fighter)          Turns: 130, Time: 00:01:02

Health: -6/53      AC: 12    Str: 24    XL:     5   Next: 71%
Magic:  5/5        EV:  8    Int:  8    God:    Qazlal [......]
Gold:   0          SH:  5    Dex: 13    Spells: 4/4 levels left

rFire   . . .      SeeInvis .    m - +1 broad axe (freeze)
rCold   . . .      Faith    .    c - +0 buckler
rNeg    . . .      Spirit   .    n - +1 chain mail
rPois   .          Reflect  .    a - +0 helmet
rElec   .          Harm     .    (no cloak)
rCorr   .          Rampage  .    (no gloves)
Will    .....      NoTele   +    (no boots) Stlth
                                 (no amulet)
HPRegen 0.28/turn                o - +3 ring of strength
MPRegen 0.09/turn                p - +3 ring of dexterity

@: no status effects
A: no striking features
a: Renounce Religion


You were in the Dungeon.
You worshipped Qazlal.
Qazlal was noncommittal.
You visited 1 branch

Inventory:

Hand Weapons
 m - a +1 broad axe of freezing (weapon)
Armour
 a - a +0 helmet (worn)
 c - a +0 buckler (worn)
 n - a +1 chain mail (worn)
Jewellery
 o - a +3 ring of strength (left hand)
 p - a +3 ring of dexterity (right hand)
Wands
 l - a wand of roots (10) (quivered)
Scrolls
 j - 2 scrolls of blinking
 k - 2 scrolls of amnesia
Potions
 d - a potion of invisibility
 e - 5 potions of curing
 f - 3 potions of heal wounds
 g - a potion of haste
 h - 4 potions of magic
 i - a potion of berserk rage


   Skills:
 + Level 7.6 Fighting
 + Level 7.8 Axes
 + Level 7.0 Armour
 + Level 7.0 Shields


You had 4 spell levels left.
You didn't know any spells.
Your spell library was empty.

Dungeon Overview and Level Annotations

Branches:
Dungeon (1/1)

Altars:
Cheibriados
Dithmenos
Elyvilon
Fedhas
Gozag
Hepliaklqana
Kikubaaqudgha
Makhleb
Nemelex Xobeh
Okawaru
Qazlal
Ru
Sif Muna
Trog
Uskayaw
Vehumet
Wu Jian
Xom
Yredelemnul
Zin
The Shining One
Beogh
Jiyva
Lugonu


Message History

You drop a +0 scale mail.
You feel stronger.
o - a +3 ring of strength (left hand)
You feel agile.
p - a +3 ring of dexterity (right hand)
You open the door.
An acid dragon, a yak, a two-headed ogre, a komodo dragon and a howler monkey come into view.
The acid dragon roars!
The yak bellows!
The two-headed ogre shouts in stereo!
The komodo dragon hisses angrily.
The howler monkey howls!
You hit the howler monkey. You freeze the howler monkey.
The howler monkey is lightly wounded.
The howler monkey hits you but does no damage.
You closely miss the howler monkey.
The howler monkey is lightly wounded.
The howler monkey hits you but does no damage.
You block the howler monkey's attack.
You slash the howler monkey! You freeze the howler monkey!
You kill the howler monkey!
Qazlal accepts your kill. The komodo dragon bites you.
Your Armour skill increases to level 7!
Your Shields skill increases to level 7!
You slash the komodo dragon! You freeze the komodo dragon.
The komodo dragon is heavily wounded.
You block the komodo dragon's attack.
You hit the komodo dragon.
The komodo dragon seems to slow down.
You freeze the komodo dragon.
The komodo dragon is severely wounded.
The komodo dragon bites you!!
You slash the komodo dragon!
The komodo dragon seems to slow down.
You freeze the komodo dragon.
The komodo dragon is almost dead.
You slash the komodo dragon!
The komodo dragon seems to slow down.
You freeze the komodo dragon.
You kill the komodo dragon!
Qazlal accepts your kill.
The two-headed ogre hits you with a +0 giant club!
* * * LOW HITPOINT WARNING * * *
The two-headed ogre hits you with a +0 giant club!!
You die...

▓.▓
▓.▓
▓.▓
▓.▓
▓D▓
▓Y▓
▓O▓
▓@▓
▓.▓
▓.▓
▓[▓
▓.▓
▓.▓
▓)▓
▓.▓
▓.▓


You could see a two-headed ogre, a yak and an acid dragon.

Vanquished Creatures
  A komodo dragon (D)
  2 scorpions (D)
  A howler monkey (D)
  A jelly (D)
  A dart slug (D)
  An orc (D)
  A ball python (D)
  A giant cockroach (D)
  A goblin (D)
  A hobgoblin (D)
  A bat (D)
12 creatures vanquished.

Notes
Turn   | Place    | Note
-------+----------+-------------------------------------------
     0 | D        | BigDaddyOpFi the Hill Orc Fighter began the quest for the
                  | Orb.
     0 | D        | Reached XP level 1. HP: 19/19 MP: 1/1
    36 | D        | Noticed a jelly
    36 | D        | Noticed a scorpion
    36 | D        | Noticed a scorpion
    41 | D        | Reached XP level 2. HP: 28/28 MP: 2/2
    43 | D        | Killed a scorpion
    44 | D        | Reached skill level 5 in Fighting
    44 | D        | Reached skill level 5 in Axes
    44 | D        | Reached skill level 5 in Armour
    44 | D        | Reached skill level 5 in Shields
    44 | D        | Reached XP level 3. HP: 34/37 MP: 3/3
    44 | D        | Reached XP level 4. HP: 40/44 MP: 4/4
    47 | D        | Killed a scorpion
    48 | D        | Reached XP level 5. HP: 38/51 MP: 5/5
    57 | D        | Found a roughly hewn altar of Beogh.
    57 | D        | Found a snail-covered altar of Cheibriados.
    57 | D        | Found a shadowy altar of Dithmenos.
    57 | D        | Found a white marble altar of Elyvilon.
    57 | D        | Found a blossoming altar of Fedhas.
    57 | D        | Found an opulent altar of Gozag.
    58 | D        | Found a hazy altar of Hepliaklqana.
    59 | D        | Found a viscous altar of Jiyva.
    60 | D        | Found an ancient bone altar of Kikubaaqudgha.
    61 | D        | Found a corrupted altar of Lugonu.
    62 | D        | Found a burning altar of Makhleb.
    63 | D        | Found a sparkling altar of Nemelex Xobeh.
    64 | D        | Found an iron altar of Okawaru.
    65 | D        | Found a stormy altar of Qazlal.
    66 | D        | Found a sacrificial altar of Ru.
    67 | D        | Found a shimmering blue altar of Sif Muna.
    68 | D        | Found a bloodstained altar of Trog.
    69 | D        | Found a hide-covered altar of Uskayaw.
    70 | D        | Found a radiant altar of Vehumet.
    71 | D        | Found an ornate altar of the Wu Jian Council.
    72 | D        | Found a shimmering altar of Xom.
    73 | D        | Became a worshipper of Qazlal Stormbringer
    74 | D        | Found a basalt altar of Yredelemnul.
    75 | D        | Found a glowing silver altar of Zin.
    76 | D        | Found a glowing golden altar of the Shining One.
   123 | D        | Noticed an acid dragon
   123 | D        | Noticed a yak
   123 | D        | Noticed a two-headed ogre
   123 | D        | Noticed a komodo dragon
   130 | D        | Killed a komodo dragon
   130 | D        | Mangled by a two-headed ogre

Illustrated notes

Levels and vault maps discovered:
D:        linesprint [early_d, line_temple, items_1, d_10, items_2, lair_1,
          lair_end, items_3, orc_1, orc_end, items_4, d_15, swamp_1, shoals_1,
          snake_1, spider_1, d_20, vaults_1, items_5, swamp_end, shoals_end,
          snake_end, spider_end, vaults_end, d_27, items_6, zot_1, zot_end,
          crypt_end, forest_end, elf_end, slime_end, tomb_end, abyss_end,
          pan_hell_end]

Skill      XL: |  1  2  3  4  5 |
---------------+----------------+-----
Axes           | 3 5 6 7 |  7.8
Fighting       | 4 5 6 7 |  7.6
Armour         | 5 6 7 |  7.0
Shields        | 5 6 7 |  7.0

Action                   |  1- 3 |  4- 6 || total
-------------------------+-------+-------++-------
Melee: War axe           |    22 |     7 ||    29
       Broad axe         |       |     7 ||     7
  Use: Potion            |     1 |       ||     1
Armor: Scale mail        |    11 |     3 ||    14
       Chain mail        |       |     2 ||     2
Dodge: Dodged            |    10 |     1 ||    11
Block: Buckler           |     4 |     2 ||     6

Table legend: (Time is in decaauts)
 A = Elapsed time spent in this place.
 B = Non-inter-level travel time spent in this place.
 C = Inter-level travel time spent in this place.
 D = Time resting spent in this place.
 E = Time spent auto-exploring this place.
 F = Levels seen in this place.
 G = Mean time per level.
                   A        B        C        D        E       F      G
               +--------+--------+--------+--------+--------+-----+--------+
         Total |    139 |    139 |      0 |     10 |      0 |   1 |  139.0 |
       Dungeon |    139 |    139 |      0 |     10 |      0 |   1 |  139.0 |
               +--------+--------+--------+--------+--------+-----+--------+

Top non-repeatable levels by time:
       D: 139 daAuts
